[Event "*** Titled Tuesday Blitz"]
[Site "Chess.com"]
[Date "2021.03.02"]
[Round "3"]
[White "Gerodot71"]
[Black "Rytenko_V"]
[Result "0-1"]
[WhiteElo "2546"]
[BlackElo "2385"]
[TimeControl "180+1"]
[EndTime "10:30:21 PST"]
[Termination "Rytenko_V won by checkmate"]

1. d4 d5 2. c4 e6 3. Nf3 f5 4. g3 Nf6 5. Bg2 c6 6. O-O Bd6 7. b3 O-O 8. Nc3 Bd7 9. e3 Be8 10. Ne2 Nbd7 11. Nf4 Qe7 12. Bb2 Ne4 13. Qc2 g5 14. Nd3 Bg6 15. Qc1 h6 16. a4 Kh7 17.
Ba3 Rf7 18. Nfe5 Bxa3 19. Qxa3 Qxa3 20. Rxa3 Re7 21. a5 a6 22. Rc1 Bh5 23. f3 Nd6 24.
Kf2 Nxe5 25. Nxe5 Nf7 26. Nd3 Bg6 27. f4 Rae8 28. Ra4 Nd6 29. Rb4 Kg7 30. Ne5 Nf7 31. Nf3 Kf6 32. Ne1 Rh8 33. Nd3 h5 34. h4 g4 35. Bf1 Nd6 36. Bg2 Rhh7 37. Nc5 Be8 38. Rb6 Nc8 39. Rb4 Nd6 40. Bf1 Ne4+ 41. Nxe4+ fxe4 42. Rb6 Rc7 43. b4 Rhe7 44. Ke1 Kf7 45. Kd2 Red7 46.
Kc3 Re7 47. Be2 Kf8 48. Kb3 Kf7 49. Rc3 Kf6 50. b5 cxb5 51. cxb5 Rxc3+ 52. Kxc3 Rc7+ 53.
Kb2 axb5 54. Bxb5 Bxb5 55. Rxb5 Ke7 56. Kb3 Kd7 57. Kb4 Kc8 58. Rc5 Rxc5 59. Kxc5 Kc7 60.
Kb5 Kc8 61. Kb6 Kb8 62. a6 bxa6 63. Kxa6 Kc7 64. Kb5 Kd7 65. Kb6 Kd6 66. Ka6 Kc6 67. Ka5 Kd7 68. Kb5 Kc7 69. Kc5 Kd7 70. f5 exf5 71.
Kxd5 f4 72. gxf4 g3 73. f5 g2 74. f6 g1=Q 75. f7 Ke7 76. Kc6 Kxf7 77. d5 Qxe3 78.
d6 Qc3+ 79. Kd7 Kf6 80. Ke8 Qd4 81. d7 Qxd7+ 82. Kxd7 e3 83. Ke8 e2 84. Kf8 e1=Q 85.
Kg8 Qe7 86. Kh8 Qg7# 0-1

[Event "*** Titled Tuesday Blitz"]
[Site "Chess.com"]
[Date "2021.03.02"]
[Round "3"]
[White "McCarthyStone"]
[Black "BJthechessgod"]
[Result "1/2-1/2"]
[WhiteElo "2431"]
[BlackElo "2246"]
[TimeControl "180+1"]
[EndTime "10:30:26 PST"]
[Termination "Game drawn - insufficient material"]

1. b3 d5 2. Bb2 Nc6 3. Nf3 Nf6 4. d4 Bf5 5. Nbd2 e6 6. a3 h6 7. e3 Bd6 8. Bd3 Bxd3 9. cxd3 O-O 10. Rg1 Re8 11. Ne5 Bxe5 12. dxe5 Nd7 13. Qh5 Qg5 14. Qxg5 hxg5 15. d4 Ne7 16. h4 gxh4 17. Nf3 Nf5 18. Rh1 c5 19. Nxh4 Nxh4 20. Rxh4 cxd4 21. exd4 Rac8 22.
Kd2 Nf8 23. g3 Ng6 24. Rhh1 b5 25. Bc3 Rb8 26. Bb4 Ne7 27. Rac1 Rbc8 28. Bxe7 Rxc1 29. Rxc1 Rxe7 30. Rc8+ Kh7 31. Rb8 a6 32. Ra8 Rc7 33.
Rxa6 Kg6 34. Rb6 Kf5 35. f3 Ra7 36. Rxb5 Rxa3 37. Rb7 f6 38. exf6 gxf6 39. Ke3 Ra1 40. g4+ Kg6 41. Rb6 Kf7 42. b4 Rb1 43. b5 Rb3+ 44. Kf4 Rd3 45. Rb7+ Kg6 46. b6 Rxd4+ 47. Ke3 Rb4 48. Rb8 e5 49. Kd3 Kg5 50. Ke3 Rb3+ 51. Kd2 Kf4 52. b7 Kxf3 53. g5 e4 54. gxf6 e3+ 55.
Kc2 e2 56. f7 Rc3+ 57. Kxc3 e1=Q+ 58. Kb3 Qb1+ 59. Ka4 Qa2+ 60. Kb5 Qb3+ 61. Kc5 Qc4+ 62.
Kd6 Qf4+ 63. Ke7 Qxb8 64. f8=Q+ Qxf8+ 65. Kxf8 d4 66. b8=Q d3 67. Qb1 Ke2 68. Qb5 Kd2 69. Ke7 Kc2 70. Qc4+ Kd2 71. Kd6 Ke3 72. Qc3 Ke2 73. Qe5+ Kd1 74. Qh5+ Kc1 75. Qh1+ Kc2 76. Qg2+ d2 77. Kd5 Kc1 78. Qg5 Kc2 79. Qf5+ Kc3 80. Qf3+ Kc2 81. Qe2 Kc1 82. Qe3 Kc2 83. Qe2 Kc1 84. Kc4 d1=Q 85. Qe3+ Qd2 86. Qa3+ Qb2 87. Qxb2+ Kxb2 1/2-1/2

[Event "*** Titled Tuesday Blitz"]
[Site "Chess.com"]
[Date "2021.03.02"]
[Round "3"]
[White "Vugar_Manafov"]
[Black "ChessNinja48"]
[Result "1-0"]
[WhiteElo "2619"]
[BlackElo "2413"]
[TimeControl "180+1"]
[EndTime "10:30:33 PST"]
[Termination "Vugar_Manafov won by resignation"]

1. Nf3 Nf6 2. g3 e6 3. Bg2 d5 4. O-O Be7 5. d3 O-O 6. Nc3 c5 7. e4 Nc6 8. h3 Qc7 9. Bf4 e5 10. Bg5 dxe4 11. dxe4 Rd8 12. Qe2 Nd4 13. Nxd4 cxd4 14.
Bxf6 dxc3 15. Bxe7 Qxe7 16. bxc3 Be6 17. Rfd1 Qc5 18.
Rd3 Bc4 19. Rxd8+ Rxd8 20. Qe1 b5 21. a4 a6 22. axb5 axb5 23. h4 h6 24. Rd1 Rd6 25.
Rxd6 Qxd6 26. Bf3 g6 27. Qe3 Kg7 28. Kg2 h5 29. Be2 Bxe2 30. Qxe2 Qc5 31. Qd3 Kf6 32. Qd8+ Kg7 33. Qd3 Kf6 34. Kf3 Ke7 35. Ke2 Qc6 36. Kd2 Qc5 37. Ke2 Qc6 38. Qe3 Ke6 39. f4 exf4 40. gxf4 Ke7 41. Qd4 Ke8 42. Qh8+ Kd7 43.
Qd4+ Ke7 44. Ke3 Kf8 45. Qh8+ Ke7 46. Qd4 Kf8 47. Kd3 Kg8 48. c4 bxc4+ 49. Qxc4 Qd6+ 50. Ke3 Qd1 51. Qe2 Qc1+ 52. Qd2 Qg1+ 53. Qf2 Qc1+ 54. Kd3 Qa3+ 55. c3 Qb3 56. Qc2 Qb8 57. Ke3 Qb6+ 58.
Kf3 Qf6 59. Kg3 Qe6 60. Qe2 Qb3 61. Qd3 Kf8 62. f5 Qb8+ 63. Kf3 Qh2 64. Qd8+ Kg7 65.
Ke3 Qg3+ 66. Kd4 gxf5 67. exf5 Qf4+ 68. Kc5 Qxf5+ 69. Qd5 Qc8+ 70. Kb4 f5 71. c4 Kf6 72. Qd6+ Kf7 73. c5 Qb7+ 74. Kc4 Qe4+ 75. Kb5 Qb1+ 76. Ka6 Qa1+ 77. Kb7 Qb1+ 78. Qb6 Qe4+ 79. Kb8 f4 80. c6 f3 81. c7 Qe5 82. Qb3+ Ke7 83. Qxf3 Kd7 84.
Qf5+ 1-0

[Event "*** Titled Tuesday Blitz"]
[Site "Chess.com"]
[Date "2021.03.02"]
[Round "3"]
[White "Aisen1011"]
[Black "WPWPWP-2015"]
[Result "1-0"]
[WhiteElo "2223"]
[BlackElo "2482"]
[TimeControl "180+1"]
[EndTime "10:30:38 PST"]
[Termination "Aisen1011 won by checkmate"]

1. d4 Nf6 2. c4 c5 3. d5 e6 4.
Nc3 exd5 5. cxd5 d6 6. e4 g6 7.
Nf3 a6 8. a4 Bg7 9. Be2 O-O 10.
O-O Nfd7 11. Qc2 Ne5 12. Bf4 Nbd7 13. h3 Re8 14. Rfe1 Nxf3+ 15. Bxf3 Ne5 16. Be2 f5 17. Bh2 c4 18. f4 Nd3 19. Bxd3 cxd3 20. Qxd3 fxe4 21.
Rxe4 Qb6+ 22. Kh1 Bf5 23. Rxe8+ Rxe8 24. Qd2 h5 25. Bg1 Qb4 26. a5 Qc4 27. Re1 Rxe1 28. Qxe1 Qxf4 29. Qe8+ Kh7 30. Qe7 Kh8 31. Qe8+ Kh7 32.
Qe7 Qb4 33. Ne2 Qe1 34. Kh2 Kg8 35. Qe8+ Bf8 36. Bd4 Qd2 37. Bf6 Qxd5 38. Nf4 Qf7 39. Qd8 Kh7 40. Nd5 Be6 41. Nb6 g5 42. Bxg5 Bg7 43.
Qe7 Be5+ 44. Kh1 Qxe7 45. Bxe7 Kg6 46. Na8 d5 47. Bc5 Bxb2 48. Nb6 Bc3 49. Na4 Bxa5 50. Nb2 Bc7 51. Nd3 b6 52. Bd4 Bf5 53. Nb4 Be4 54. Nxa6 Bd8 55. Nb4 Kf5 56. Nc6 Bc7 57. Kg1 Ke6 58.
Kf2 Kd6 59. Nb4 b5 60. g4 Ba5 61. Na6 h4 62. g5 Kc6 63. Ke3 Kb7 64. Nc5+ Kc6 65.
Nxe4 dxe4 66. g6 Kd5 67. g7 Bd2+ 68. Kxd2 Kxd4 69. g8=Q e3+ 70. Ke2 b4 71. Qg4+ Kc3 72. Kxe3 b3 73. Qd4+ Kc2 74. Qd3+ Kb2 75. Kd2 Ka1 76.
Qa6+ Kb2 77. Qa4 Kb1 78. Qxb3+ Ka1 79. Qa3+ Kb1 80. Qb4+ Ka2 81. Kc2 Ka1 82. Qb2# 1-0

[Event "*** Titled Tuesday Blitz"]
[Site "Chess.com"]
[Date "2021.03.02"]
[Round "3"]
[White "frazier69"]
[Black "volkanyirik"]
[Result "1/2-1/2"]
[WhiteElo "2572"]
[BlackElo "2403"]
[TimeControl "180+1"]
[EndTime "10:30:47 PST"]
[Termination "Game drawn - insufficient material"]

1. e4 c5 2. Nf3 d6 3. Bb5+ Bd7 4.
Bxd7+ Qxd7 5. c4 e5 6. Nc3 Nf6 7. d3 h6 8. a3 Be7 9. b4 b6 10. O-O O-O 11. Rb1 Nc6 12. Be3 Nd4 13. Bxd4 exd4 14. Nd5 Nxd5 15. cxd5 Bf6 16. b5 a6 17. a4 a5 18. Nd2 g6 19. Nc4 Rab8 20. f4 Bg7 21. f5 Be5 22. Qd2 Kh7 23. Rf3 g5 24. f6 Rg8 25. Rbf1 Rg6 26. Rf5 Bf4 27. R1xf4 gxf4 28. Qxf4 Rbg8 29. g3 Rd8 30. Kf2 Qc7 31. Ke2 Rd7 32.
Kd2 Qb8 33. Kc2 Qd8 34. Kb3 Qc7 35. g4 Rd8 36. h3 Qb8 37. g5 Qc7 38. h4 Rdg8 39.
Qxd6 Qxd6 40. Nxd6 hxg5 41. hxg5 Rxg5 42. Rxg5 Rxg5 43.
Nxf7 Rg3 44. d6 Rxd3+ 45. Kc4 Rc3+ 46. Kd5 d3 47. Ng5+ Kg6 48. Nf3 d2 49. Nxd2 Rd3+ 50. Ke6 Rxd2 51. e5 c4 52. d7 c3 53. f7 Kg7 54. Ke7 Rxd7+ 55. Kxd7 Kxf7 56. e6+ Kf6 57.
e7 c2 58. e8=Q c1=Q 59. Qe6+ Kg7 60. Qxb6 Qd1+ 61. Qd6 Qxa4 62. Kc6 Qc2+ 63. Qc5 Qg6+ 64. Kb7 a4 65. b6 Qf7+ 66. Ka6 Qf1+ 67. Ka7 Qf7+ 68.
Ka6 Qf1+ 69. Ka5 Qd1 70. b7 Qb3 71. Qb6 Qc3+ 72. Qb4 Qc7+ 73. Ka6 Qc6+ 74. Ka7 Qc7 75. Ka8 Qc6 76. Qd4+ Kf7 77. Ka7 Qc7 78. Qd5+ Kg7 79.
Qg5+ Kf7 80. Qh5+ Kg7 81. Qg4+ Kf7 82. Qf5+ Kg7 83. Qc8 Qa5+ 84. Kb8 a3 85. Qc7+ Qxc7+ 86. Kxc7 a2 87. b8=Q a1=Q 88. Qb6 Qf6 89. Qxf6+ Kxf6 1/2-1/2

[Event "*** Titled Tuesday Blitz"]
[Site "Chess.com"]
[Date "2021.03.02"]
[Round "3"]
[White "Shahaliyev"]
[Black "Slovak_fighter2000"]
[Result "1-0"]
[WhiteElo "2721"]
[BlackElo "2432"]
[TimeControl "180+1"]
[EndTime "10:30:53 PST"]
[Termination "Shahaliyev won on time"]

1. Nf3 d5 2. c4 e6 3. b3 Nf6 4. Bb2 Be7 5. Qc2 b6 6. e3 Bb7 7. Nc3 Nbd7 8. Be2 c5 9. cxd5 exd5 10. d4 O-O 11. O-O Ne4 12. dxc5 Nxc3 13. Qxc3 Bf6 14.
Qd2 bxc5 15. Bxf6 Nxf6 16. Rac1 Qb6 17. Ne5 Rfe8 18. Nd3 Ne4 19. Qc2 Rac8 20. Bg4 Rc7 21. Rfd1 Bc8 22. Bxc8 Rexc8 23. Nf4 Nf6 24. Nxd5 Nxd5 25.
Rxd5 h6 26. Qc4 Qa5 27. a4 Rb7 28. Rxc5 Rxc5 29. Qxc5 Qxc5 30. Rxc5 Rxb3 31. g3 Rb7 32. Ra5 g6 33. g4 Kg7 34. Kg2 Kf6 35. h4 Rc7 36. Kg3 Rb7 37. f3 g5 38. Ra6+ Kg7 39.
h5 Rb3 40. Kf2 Rb2+ 41. Ke1 Rb7 42. Ke2 Rd7 43. f4 gxf4 44. exf4 Rd4 45. Ke3 Rd7 46.
Ke4 Rb7 47. Ke5 Re7+ 48. Kf5 Rc7 49. Ke4 Re7+ 50. Kf3 Rc7 51. Kg3 Rc3+ 52. Kf2 Rc4 53. Kf3 Rc3+ 54. Ke4 Rc4+ 55. Ke5 Rc7 56. f5 Re7+ 57.
Kd5 Rd7+ 58. Rd6 Rb7 59. f6+ Kh7 60. Kc6 Rb6+ 61. Kc5 Rb7 62. a5 Rc7+ 63. Rc6 Rd7 64. a6 Kg8 65. Rc8+ Kh7 66. Rc6 Kg8 67. Rd6 Rc7+ 68.
Kd5 Kh7 69. Ke5 Rc5+ 70. Kd4 Rc7 71. Ke4 Kg8 72. Kf5 Kh7 73. Kf4 Rc4+ 74. Kg3 Rc3+ 75.
Kh4 Rc7 76. Rd4 Kg8 77. Rd8+ Kh7 78. Rf8 Rd7 79. Rb8 Rd6 80. Rb7 Rxf6 81. Rxa7 Kg7 82. Kg3 Rb6 83. Kf4 Rb4+ 84. Kf5 Ra4 85. g5 Ra5+ 86.
Kf4 hxg5+ 87. Kg4 1-0

[Event "*** Titled Tuesday Blitz"]
[Site "Chess.com"]
[Date "2021.03.02"]
[Round "3"]
[White "masrahi"]
[Black "Sokoloco"]
[Result "0-1"]
[WhiteElo "2228"]
[BlackElo "2439"]
[TimeControl "180+1"]
[EndTime "10:30:55 PST"]
[Termination "Sokoloco won by resignation"]

1. d4 d6 2. Nf3 g6 3. Bf4 Bg7 4. e3 Nf6 5. h3 O-O 6. Be2 b6 7. O-O Bb7 8. a4 a6 9. Na3 Re8 10. Bh2 Nbd7 11. Nc4 Ne4 12. c3 e5 13.
Qc2 Qe7 14. Rfd1 f5 15. dxe5 Nxe5 16. Bxe5 dxe5 17. Bf1 Rad8 18. Rxd8 Rxd8 19. Rd1 Nd6 20. Qb3 Kf8 21. Nxd6 Rxd6 22. Be2 Qd7 23. Rxd6 Qxd6 24.
Qd1 Ke7 25. Kf1 Qxd1+ 26. Bxd1 Kd6 27. Be2 Bf6 28. h4 Bxf3 29. Bxf3 Bxh4 30. g3 Bf6 31. Be2 a5 32. Ke1 e4 33. Kd2 Be5 34. Bc4 Ke7 35. Ke2 Kf6 36. Bd5 h5 37. Kf1 g5 38.
Kg2 Ke7 39. Bc6 Bf6 40. Kf1 g4 41. Bb5 h4 42. gxh4 Bxh4 43. Kg2 Kf6 44. Bd7 Ke5 45.
Bc8 Be7 46. Bd7 Bd6 47. Be8 Kf6 48. Bd7 Ke5 49. Be8 Ke6 50. Bb5 Be5 51. Bc4+ Kf6 52. Bb5 f4 53. exf4 Bxf4 54. Bc6 e3 55. fxe3 Bxe3 56.
b4 Bd2 57. bxa5 bxa5 58. c4 Be1 59. Bb5 Ke5 60. c5 Kd5 61. c6 Kc5 62. Kf1 Bc3 63.
Kg2 Be5 64. Kg1 Bd6 65. Kg2 Kd4 66. Kg1 Ke3 67. Kg2 Kf4 68. Bf1 Bc5 69. Bb5 Kg5 70. Bf1 Bd4 71. Bb5 Be5 72. Bf1 Kf6 73. Bb5 Ke6 74. Bc4+ Kd6 75. Bb5 Kc5 76. Kg1 Kd4 77.
Kg2 Ke3 78. Bc4 Kd2 79. Bb5 Kc3 80. Ba6 Bd6 81. Bb5 Kb4 82. Kg1 g3 83. Kg2 Kc3 84. Kg1 Kd4 85. Kg2 Ke3 86. Bc4 Kf4 87. Bb5 Ke5 88.
Bc4 Kd4 89. Bb5 Bf4 90. Kg1 Ke5 91. Kg2 Kf6 92. Kg1 Kg5 93. Kg2 Kg4 94. Kg1 Kf3 95.
Bc4 Be3+ 0-1

[Event "*** Titled Tuesday Blitz"]
[Site "Chess.com"]
[Date "2021.03.02"]
[Round "3"]
[White "Bongcloudtransvestit"]
[Black "niki_2003"]
[Result "1-0"]
[WhiteElo "2313"]
[BlackElo "2004"]
[TimeControl "180+1"]
[EndTime "10:31:20 PST"]
[Termination "Bongcloudtransvestit won by checkmate"]

1. e4 c6 2. d4 d5 3. e5 Bf5 4.
c3 e6 5. Nf3 Ne7 6. Bd3 Nd7 7.
O-O c5 8. a3 Bxd3 9. Qxd3 Nc6 10. b4 c4 11. Qc2 b5 12. a4 a6 13. Bg5 Qc8 14. Nbd2 Be7 15. Bxe7 Nxe7 16. Ra2 O-O 17.
Rfa1 Qc6 18. a5 f6 19. exf6 Nxf6 20. Re1 Ng6 21. Ne5 Nxe5 22. Rxe5 Qd6 23. Re1 Ng4 24. Nf3 Rxf3 25. gxf3 Qxh2+ 26. Kf1 Qh3+ 27. Ke2 Nh2 28. Kd1 Nxf3 29. Qe2 Re8 30. Qe3 Qg4 31. Kc1 Nxe1 32.
Qxe1 Qf4+ 33. Kb1 Qf5+ 34. Ka1 Qd3 35. Re2 Kf7 36. Kb2 Re7 37. Re3 Qf5 38. Qe2 Qg6 39. Rf3+ Ke8 40. Qe5 Kd7 41. Qb8 Qe8 42. Qb7+ Kd6 43.
Qxa6+ Qc6 44. Qxc6+ Kxc6 45. Rf8 h6 46. Rc8+ Kb7 47.
Rg8 g5 48. Kc2 Rf7 49. Kd1 Rxf2 50. Rg7+ Kc6 51. Rg6 h5 52. Rxe6+ Kd7 53. Re5 g4 54. Rxd5+ Ke6 55. Rxh5 g3 56. Ke1 Ra2 57. Rg5 g2 58. a6 Ra1+ 59. Kf2 Ra2+ 60. Kf3 Kf6 61. Rxg2 Rxa6 62. Re2 Ra3 63. Re3 Kf5 64. Kg3 Rb3 65. Kf3 Kg5 66. Re5+ Kf6 67. Rxb5 Rxc3+ 68. Ke4 Rb3 69. Rc5 c3 70. b5 c2 71. Rxc2 Rxb5 72.
Rc6+ Ke7 73. Rh6 Kd7 74. Rh7+ Kd8 75. Ra7 Ke8 76. d5 Kd8 77. Ke5 Rb6 78. Rh7 Kc8 79. Rg7 Kd8 80. Ra7 Ke8 81. Rh7 Kf8 82.
Ra7 Ke8 83. d6 Kd8 84. Ke6 Kc8 85. Ke7 Kb8 86. Rd7 Ka8 87. Rd8+ Kb7 88. d7 Kc7 89. Rc8+ Kb7 90. d8=Q Ka6 91. Ra8+ Kb5 92. Qd2 Rc6 93. Kd7 Kc4 94. Qc2+ Kd4 95. Qxc6 Ke3 96. Ra5 Kf2 97. Rd5 Kg3 98. Qe6 Kf4 99. Rf5+ Kg4 100. Qg6+ Kh4 101. Rh5# 1-0

[Event "*** Titled Tuesday Blitz"]
[Site "Chess.com"]
[Date "2021.03.02"]
[Round "3"]
[White "Kretov_Evgenij"]
[Black "Aslanov_Umid"]
[Result "1/2-1/2"]
[WhiteElo "2590"]
[BlackElo "2413"]
[TimeControl "180+1"]
[EndTime "10:31:38 PST"]
[Termination "Game drawn by repetition"]

1. d4 d5 2. c4 e6 3. Nc3 c6 4. e3 Nf6 5. Nf3 Nbd7 6. Bd3 b6 7.
e4 dxe4 8. Nxe4 Bb7 9. O-O Be7 10.
Qe2 O-O 11. Bg5 c5 12. Ng3 h6 13. Be3 cxd4 14. Bxd4 Nc5 15. Bxc5 bxc5 16. Rad1 Qc7 17. Ne5 Rad8 18. f4 Rd4 19. f5 Bd6 20. Nf3 Bxf3 21. Rxf3 e5 22. Be4 Nxe4 23. Nxe4 Qc6 24. Re1 Rd8 25.
Rg3 Bf8 26. Qg4 Rd3 27. h3 Rxg3 28. Nxg3 Rd4 29. Qe2 f6 30. b3 Qd7 31. Kh2 e4 32.
Nxe4 Qxf5 33. Qf3 Qxf3 34. gxf3 f5 35. Nc3 Bd6+ 36. Kg2 Kf7 37. Re2 g5 38. Nd5 Bf4 39. Re7+ Kg6 40. Re6+ Kg7 41. Re7+ Kf8 42. Rxa7 Rd2+ 43.
Kg1 Bg3 44. Rh7 f4 45. Rxh6 Rd1+ 46. Kg2 Rd2+ 47. Kf1 Rf2+ 48. Kg1 Rxf3 49. Rf6+ Kg7 50. Rf5 Kh6 51. Nf6 Rd3 52. Ng4+ Kg6 53. Rd5 Rc3 54.
Rd6+ Kf7 55. Ne5+ Ke7 56. Rc6 f3 57. Nxf3 Rxf3 58. Kg2 Rc3 59. Rxc5 Bf4 60. Ra5 Rg3+ 61. Kf2 Rxh3 62. c5 Rh2+ 63. Kf3 Rc2 64. b4 Kd7 65. Ra6 Kc7 66. a4 Rc4 67. Rb6 Bd2 68. a5 Bxb4 69. a6 Bxc5 70. Rb7+ Kc8 71. Rg7 Ra4 72. Rxg5 Bb6 73. Rg8+ Kc7 74. Rg7+ Kc6 75. Rg6+ Kb5 76. Rg4 Ra3+ 77. Ke4 Kxa6 78. Kd5 Ra5+ 79. Kc6 Rc5+ 80. Kd6 Rc1 81. Re4 Kb5 82. Ke6 Rd1 83. Re5+ Bc5 84.
Re4 Kc6 85. Ke5 Rd8 86. Ke6 Re8+ 87. Kf5 Rf8+ 88. Kg4 Rf6 89. Re5 Kd6 90. Re4 Kd5 91. Re2 Bd4 92. Kg5 Rf3 93. Kg4 Rf8 94. Kg5 Kc4 95.
Kg4 Kd3 96. Re7 Be3 97. Re6 Rf1 98. Kg3 Rf8 99. Kg4 Rf2 100. Re8 Rf4+ 101. Kg3 Rf7 102. Kg4 Rg7+ 103. Kf5 Rg5+ 104. Kf6 Ra5 105. Kg6 Bd4 106. Re1 Kc4 107. Re8 Kd5 108. Kf5 Kc4+ 109. Kg4 Ra1 110. Kf3 Kd3 111. Re6 Rf1+ 112. Kg4 Rf8 113. Kg3 Be3 114. Kg4 1/2-1/2

[Event "*** Titled Tuesday Blitz"]
[Site "Chess.com"]
[Date "2021.03.02"]
[Round "3"]
[White "elextranjero00"]
[Black "Parhamov"]
[Result "1/2-1/2"]
[WhiteElo "2651"]
[BlackElo "2883"]
[TimeControl "180+1"]
[EndTime "10:31:44 PST"]
[Termination "Game drawn - insufficient material"]

1. d4 Nf6 2. c4 e6 3. Nc3 Bb4 4.
e3 O-O 5. Bd3 d5 6. Nf3 Nbd7 7.
O-O c6 8. Qc2 Qe7 9. Rd1 h6 10. a3 Bd6 11. b3 Re8 12. e4 dxc4 13. bxc4 e5 14. d5 Nc5 15. h3 Nfd7 16. Bf1 Nb6 17. Be3 Bd7 18. a4 Bc8 19. a5 Nbd7 20. Rd2 Na6 21. Rad1 Bc5 22. Bxc5 Ndxc5 23. Qb2 Bd7 24.
g3 Qd8 25. Qa3 Qf6 26. Bg2 Rac8 27. Kh2 Rc7 28. Qb2 Qd8 29. Qa3 Rc8 30. Rb1 Qf6 31.
Rbd1 Red8 32. Qb2 Be8 33. Qa3 Qe7 34. Qb2 f6 35. Qa3 Qc7 36. Rb1 Bg6 37. Re1 Nd7 38.
Nh4 Bh7 39. d6 Qb8 40. Nf5 Bxf5 41. exf5 Ndc5 42. Ne4 b6 43. axb6 axb6 44. Nxc5 Nxc5 45. Rb2 Rxd6 46. Reb1 Nd7 47. c5 Rd4 48. cxb6 e4 49. Qe3 c5 50. Rd2 Qe5 51. Rbd1 Nxb6 52. Rxd4 cxd4 53. Qxd4 Qxd4 54. Rxd4 Rc2 55. Rxe4 Rxf2 56. g4 Nd5 57. Kg3 Rd2 58. Re8+ Kf7 59.
Re4 Ne7 60. Re3 Rd7 61. Rf3 Rc7 62. Kf2 Rc2+ 63. Kg3 Nc6 64. Rf2 Rc3+ 65. Kh2 Ne5 66. Re2 h5 67. gxh5 Kg8 68. Bd5+ Kh7 69. Rg2 Kh6 70. Be4 Rc4 71. Bd5 Rf4 72. Be6 Rf3 73.
Rg3 Rf2+ 74. Rg2 Rf3 75. Rg3 Rf4 76. Rg2 Rd4 77. Kg3 Rd3+ 78. Kf4 Rxh3 79. Ke4 Rxh5 80.
Kd5 Rh4 81. Rg3 Rg4 82. Rh3+ Kg5 83. Rh1 Rg3 84. Kd6 Ra3 85. Ke7 Ra7+ 86. Kf8 Kf4 87. Rg1 Ng4 88. Rf1+ Kg5 89. Rg1 Kh4 90. Rh1+ Kg3 91. Rg1+ Kf4 92. Rf1+ Ke5 93. Rg1 Ne3 94. Rxg7 Ra8+ 95. Ke7 Nxf5+ 96. Bxf5 Kxf5 97. Rg1 Ra7+ 98. Kd6 Ra6+ 99. Kd5 Ra8 100. Rf1+ Kg4 101. Ke4 Re8+ 102. Kd3 f5 103. Rg1+ Kf3 104. Rf1+ Kg3 105. Rxf5 Rd8+ 106. Ke4 Re8+ 107. Re5 Rxe5+ 108. Kxe5 1/2-1/2

[Event "*** Titled Tuesday Blitz"]
[Site "Chess.com"]
[Date "2021.03.02"]
[Round "3"]
[White "salomez"]
[Black "eCztery"]
[Result "1-0"]
[WhiteElo "2226"]
[BlackElo "2391"]
[TimeControl "180+1"]
[EndTime "10:31:46 PST"]
[Termination "salomez won on time"]

1. e4 c5 2. Nf3 g6 3. d4 cxd4 4.
Qxd4 Nf6 5. Nc3 Nc6 6. Qe3 d6 7.
Bc4 Bg7 8. O-O O-O 9. Rd1 Bg4 10. Bf1 Ne5 11. Be2 Bxf3 12. Bxf3 Nxf3+ 13. Qxf3 Qa5 14. Bd2 Qb6 15. b3 Rac8 16. Rac1 a6 17. Nd5 Nxd5 18.
exd5 Bb2 19. Be3 Qa5 20. Rb1 Rxc2 21. Qe4 Rfc8 22. Qxe7 Be5 23. a4 Qc3 24. Qxb7 Kg7 25. Qxa6 Rb8 26. Qc6 Rxb3 27. Qxc3 Rcxc3 28. Ra1 Rc2 29. Bd4 Bxd4 30. Rxd4 Ra2 31. Rad1 Rba3 32. h3 Rxa4 33.
Rxa4 Rxa4 34. f3 Kf6 35. Kf2 Ke5 36. Ke3 Ra3+ 37. Kf2 Ra2+ 38. Kg3 Rc2 39. f4+ Ke4 40. Re1+ Kxd5 41. Re7 f5 42. Rxh7 Rc3+ 43. Kf2 Ke4 44. Rg7 Kxf4 45. Rxg6 Rc2+ 46. Kg1 d5 47. h4 d4 48. h5 d3 49. Rd6 d2 50. Kh2 Ke3 51. h6 Rc7 52. Re6+ Kd3 53. Rd6+ Ke2 54. Kg3 d1=Q 55.
Rxd1 Kxd1 56. Kf4 Rc6 57. Kxf5 Rxh6 58. g4 Ke2 59. g5 Rc6 60. g6 Kf3 61. g7 Rc8 62. Kf6 Kf4 63. Kf7 Rc7+ 64. Kf6 Rc6+ 65. Kf7 Rc7+ 66. Kf6 Rc8 67. Kf7 Kf5 68. g8=Q Rc7+ 69. Kf8 Kf6 70. Qh8+ Kg6 71. Qg8+ Kf6 72. Qh8+ Kg6 73. Qh2 Rf7+ 74. Ke8 Rf5 75. Qg3+ Kf6 76. Kd7 Re5 77. Kd6 Rf5 78. Qc3+ Kg5 79. Qc2 Rf4 80. Qd2 Kf5 81. Kd5 Kg4 82. Qe2+ Kf5 83. Kd6 Re4 84. Qf3+ Rf4 85. Qd5+ Kg4 86. Ke6 Rf3 87. Qe4+ Rf4 88. Qe2+ Rf3 89. Ke5 Kg3 90. Ke4 Rf4+ 91. Ke3 Rf5 92.
Qe1+ Kg4 93. Qg1+ Kh5 94. Qg8 Kh4 95. Ke4 Rf2 96. Qg7 Kh3 97. Ke3 Rf5 98. Qg6 Rf1 99. Qg7 Kh2 100. Qg5 Kh3 101. Qg7 Kh2 102. Ke2 Rf5 103.
Qg6 Rf4 104. Qd6 Kg3 105. Ke3 Kh3 106. Qxf4 Kg2 107. Qg5+ Kh1 108. Kf3 1-0

[Event "*** Titled Tuesday Blitz"]
[Site "Chess.com"]
[Date "2021.03.02"]
[Round "3"]
[White "RobertoJBM"]
[Black "howitzer14"]
[Result "1/2-1/2"]
[WhiteElo "2714"]
[BlackElo "2996"]
[TimeControl "180+1"]
[EndTime "10:32:04 PST"]
[Termination "Game drawn - insufficient material"]

1. d4 d6 2. e4 Nf6 3. Nc3 Nbd7 4. Nf3 e5 5. Bc4 Be7 6. O-O O-O 7. Re1 c6 8. a4 Qc7 9. b3 h6 10. Ba3 Re8 11. Qd2 Nf8 12. h3 Ng6 13. Rad1 Bf8 14. dxe5 dxe5 15. Bxf8 Kxf8 16. Qd6+ Qxd6 17. Rxd6 Ke7 18.
Rd2 Bd7 19. Red1 Rad8 20. a5 b5 21. axb6 axb6 22. Nh2 b5 23. Bd3 Be6 24. Nf1 Nf4 25. f3 g5 26. Ne3 h5 27. Bf1 Rxd2 28. Rxd2 Ra8 29. Kf2 h4 30. Ne2 N6h5 31. Nxf4 exf4 32. Nd1 Ng3 33. Bd3 Kf6 34. Nc3 Ke5 35. Rd1 Ra7 36.
Ke1 Ra3 37. Ne2 Ra2 38. Nc3 Ra3 39. Ne2 Nxe2 40. Kxe2 Ra2 41. Rb1 c5 42. Kd2 c4 43.
bxc4 bxc4 44. Be2 Kd4 45. Rb4 Kc5 46. Rb7 Ra3 47. c3 Ra2+ 48. Kd1 Ra1+ 49. Kd2 Rg1 50. Ra7 Rxg2 51. Ke1 Kd6 52. Ra6+ Ke7 53. Ra7+ Kf8 54. Bf1 Rg3 55. Kf2 Kg7 56. Rc7 Kf6 57. Bxc4 Bxc4 58. Rxc4 Rxh3 59. Rc6+ Ke7 60. Kg2 Rg3+ 61. Kf2 Rh3 62.
Kg2 Rg3+ 63. Kf2 h3 64. Rh6 Rg2+ 65. Kf1 Rh2 66. c4 Rh1+ 67. Kf2 Kf8 68. c5 Kg7 69.
Rh5 Kg6 70. Rh8 Kg7 71. Rh5 Rh2+ 72. Kf1 Kg6 73. Rh8 Rh1+ 74. Kf2 f6 75. c6 Rh2+ 76. Kf1 Rc2 77. Rxh3 Rxc6 78. Rh8 Rc1+ 79. Kg2 Rc2+ 80. Kg1 Rc3 81. Kg2 Rc7 82. Rg8+ Rg7 83. Ra8 Kh5 84. Kf2 Rb7 85. Rh8+ Kg6 86. Rd8 Rb2+ 87. Kf1 Kf7 88. Rd5 Ke6 89. Ra5 Rc2 90. Rb5 Kd6 91. Rf5 Ke7 92.
Ra5 Kf7 93. Ra7+ Kg6 94. Ra6 Rb2 95. e5 Kf5 96. exf6 Kg6 97. f7+ Kxf7 98. Ra5 Kg6 99.
Rc5 Kh5 100. Kg1 Kh4 101. Kf1 Kg3 102. Rxg5+ Kxf3 103. Kg1 Rb1+ 104. Kh2 Kf2 105. Ra5 Rb2 106. Ra1 f3 107. Rc1 Ke2 108. Kg3 Ra2 109. Rb1 f2 110. Kg2 Rc2 111. Ra1 Rd2 112. Rb1 Rc2 113. Ra1 Rd2 114. Rf1 Ke3 115. Ra1 Rd4 116. Ra3+ Rd3 117. Rxd3+ Kxd3 118. Kxf2 1/2-1/2

[Event "*** Titled Tuesday Blitz"]
[Site "Chess.com"]
[Date "2021.03.02"]
[Round "4"]
[White "13MiRacLe"]
[Black "Msb2"]
[Result "1/2-1/2"]
[WhiteElo "2732"]
[BlackElo "2888"]
[TimeControl "180+1"]
[EndTime "10:33:40 PST"]
[Termination "Game drawn by repetition"]

1. e4 e6 2. d4 d5 3. Nc3 Nf6 4. e5 Nfd7 5. Nce2 c5 6. c3 Nc6 7. Nf3 Be7 8. a3 O-O 9. Nf4 Qa5 10. Be3 Nxd4 11. Nxd4 cxd4 12. Bxd4 Qc7 13. Bd3 Nxe5 14. Bxh7+ Kxh7 15. Qh5+ Kg8 16. Bxe5 Bd6 17. Bxg7 Kxg7 18. Qg5+ Kh7 19. Qh5+ Kg7 20. Qg5+ Kh7 21. Qh5+ Kg7 1/2-1/2

[Event "*** Titled Tuesday Blitz"]
[Site "Chess.com"]
[Date "2021.03.02"]
[Round "4"]
[White "Camels1981"]
[Black "atalz0"]
[Result "0-1"]
[WhiteElo "2312"]
[BlackElo "2477"]
[TimeControl "180+1"]
[EndTime "10:33:44 PST"]
[Termination "atalz0 won by resignation"]

1. e4 c6 2. d4 d5 3. exd5 cxd5 4. c4 Nf6 5. Nc3 Nc6 6. Bg5 Be6 7. a3 g6 8. Nf3 Bg7 9. c5 O-O 10.
Bb5 Ne4 11. Bxc6 bxc6 12. O-O Bg4 13. h3 0-1

[Event "*** Titled Tuesday Blitz"]
[Site "Chess.com"]
[Date "2021.03.02"]
[Round "4"]
[White "olksuna"]
[Black "sakkikuska"]
[Result "1-0"]
[WhiteElo "2672"]
[BlackElo "2496"]
[TimeControl "180+1"]
[EndTime "10:33:52 PST"]
[Termination "olksuna won by resignation"]

1. e4 c5 2. Nf3 e6 3. d4 cxd4 4. Nxd4 Nc6 5. Nc3 a6 6. Be2 Qc7 7. O-O b5 8. Nxc6 dxc6 9. a4 b4 10. Nb1 Bb7 11. Nd2 c5 12. Bd3 Nf6 13. Qe2 Bd6 14. h3 Nh5 15. Qxh5 1-0

[Event "*** Titled Tuesday Blitz"]
[Site "Chess.com"]
[Date "2021.03.02"]
[Round "4"]
[White "GigaQuparadze"]
[Black "bilelou"]
[Result "1-0"]
[WhiteElo "2962"]
[BlackElo "2548"]
[TimeControl "180+1"]
[EndTime "10:34:43 PST"]
[Termination "GigaQuparadze won by resignation"]

1. e4 c5 2. Ne2 Nc6 3. Nbc3 Nf6 4.
d4 cxd4 5. Nxd4 e5 6. Ndb5 d6 7.
Nd5 Nxd5 8. exd5 Nb8 9. c4 Be7 10. Bd3 O-O 11. O-O f5 12. f4 Bf6 13. c5 dxc5 14.
Bc4 Na6 15. d6+ Kh8 16. fxe5 Bxe5 17. Qd5 Bf6 18. a3 Bd7 19. Qxb7 Rb8 20. Qxa6 Rb6 21.
Qa5 1-0

[Event "*** Titled Tuesday Blitz"]
[Site "Chess.com"]
[Date "2021.03.02"]
[Round "4"]
[White "Ze-Pequeno"]
[Black "Misticpikachu"]
[Result "0-1"]
[WhiteElo "2221"]
[BlackElo "2412"]
[TimeControl "180+1"]
[EndTime "10:34:56 PST"]
[Termination "Misticpikachu won by resignation"]

1. e4 c5 2. Nf3 Nc6 3. Bb5 e6 4. Bxc6 bxc6 5. O-O Ne7 6. b3 Ng6 7. Bb2 d6 8. d3 e5 9. Nbd2 Be7 10. Nc4 O-O 11. c3 f5 12. Qc2 fxe4 13. dxe4 Nf4 14. Ne3 Qe8 15. Kh1 Nxg2 16. Kxg2 0-1